 Dungeon Sprint DCSS version 0.30-a0-920-g7493c07aab (webtiles) character file.

Game seed: 8319175174503954792

42 testman the Poker (level 3, 0/33 HPs)
             Began as a Merfolk Gladiator on Mar 21, 2023.
             Slain by a hound (1 damage)
             ... in the Dungeon (Sprint IX: "|||||||||||||||||||||||||||||").
             The game lasted 00:01:09 (56 turns).

testman the Poker (Merfolk Gladiator)                 Turns: 56, Time: 00:01:10

Health: 0/33       AC:  4    Str: 16    XL:     3   Next: 56%
Magic:  3/3        EV: 13    Int:  7    God:
Gold:   0          SH:  0    Dex: 15    Spells: 2/2 levels left

rFire   . . .      SeeInvis .    a - +0 trident
rCold   . . .      Faith    .    (no shield)
rNeg    . . .      Spirit   .    b - +0 leather armour
rPois   .          Reflect  .    c - +0 helmet
rElec   .          Rampage  .    (no cloak)
rCorr   .          NoTele   +    (no gloves)
Will    .....                    (no boots)
Stlth   +                        (no amulet)
HPRegen 0.25/turn                (no ring)
MPRegen 0.08/turn                (no ring)

@: no status effects
A: (nimble swimmer 2), mertail
a: no special abilities


You were in the Dungeon.
You visited 1 branch

Inventory:

Hand Weapons
 a - a +0 trident (weapon)
Missiles
 d - 2 throwing nets (quivered)
Armour
 b - a +0 leather armour (worn)
 c - a +0 helmet (worn)
Scrolls
 k - a scroll of blinking
Potions
 f - a potion of curing
 g - a potion of heal wounds
 h - a potion of haste
 i - 2 potions of magic
 j - a potion of berserk rage


   Skills:
 + Level 5.6 Fighting
 + Level 7.4 Polearms
 - Level 2.0 Throwing
 - Level 4.0 Dodging


You had 2 spell levels left.
You didn't know any spells.
Your spell library was empty.

Dungeon Overview and Level Annotations

Branches:
Dungeon (1/1)

Altars:


Innate Abilities, Weirdness & Mutations

((You are very nimble when in or above water. (Stealth+, EV+, Speed+++)))
Your lower body shifts to a powerful aquatic tail in water.


Message History

You puncture the orc priest!
The orc priest is almost dead.
The orc priest looks encouraged for a moment.
The orc priest struggles against the net.
Reach: a) +0 trident
Press: ? - help, Dir - move target, f/p - orc priest
Aim: an orc priest, wielding a +0 hand axe and wearing a +0 ring mail (almost dead, entangled in a net, about 7% to evade your +0 trident)
You reach to attack!
You hit the orc priest.
You kill the orc priest!
Your Fighting skill increases to level 5!
Your Polearms skill gained 2 levels and is now at level 7!
You have reached level 3!
Your experience leads to an increase in your attributes!
Increase (S)trength, (I)ntelligence, or (D)exterity?
You feel stronger. x2
Reach: a) +0 trident
Press: ? - help, Dir - move target, f - orc
Aim: an orc, wielding a +0 dagger of venom (lightly wounded, about 37% to evade your +0 trident)
You reach to attack!
You puncture the orc!
You kill the orc!
Unknown command.
Okay, then.
Reach: a) +0 trident
Press: ? - help, Dir - move target, f - hound
Aim: a hound (about 47% to evade your +0 trident)
Okay, then.
Unknown command.
You closely miss the hound. The hound bites you.
* * * LOW HITPOINT WARNING * * *
You barely miss the hound. The hound bites you.
* * * LOW HITPOINT WARNING * * *
The hound bites you.
* * * LOW HITPOINT WARNING * * *
You hit the hound.
The hound is moderately wounded.
The hound misses you.
You hit the hound. Your punch misses the hound.
The hound is heavily wounded.
The hound closely misses you. The hound bites you.
You die... ▓▓▓▓▓▓▓▓▓▓▓▓▓▓▓▓▓▓ +(....Jh@..))...<▓ ▓▓▓▓▓▓▓▓▓▓▓▓▓▓▓▓▓▓

You could see a hound and a jelly.

Vanquished Creatures
  An orc priest (D)
  An ufetubus (D)
  An orc (D)
  A bat (D)
  An endoplasm (D)
  A goblin (D)
  A kobold (D)
  A rat (D)
8 creatures vanquished.

Notes
Turn   | Place    | Note
-------+----------+-------------------------------------------
     0 | D        | testman the Merfolk Gladiator began the quest for the Orb.
     0 | D        | Reached XP level 1. HP: 16/16 MP: 1/1
    24 | D        | Reached skill level 5 in Polearms
    36 | D        | Noticed a jelly
    36 | D        | Noticed a hound
    36 | D        | Noticed an orc priest
    41 | D        | Reached XP level 2. HP: 24/25 MP: 2/2
    51 | D        | Reached skill level 5 in Fighting
    51 | D        | Reached skill level 7 in Polearms
    51 | D        | Reached XP level 3. HP: 9/33 MP: 3/3
    54 | D        | HP: 1/33 [hound (2)]
    56 | D        | Slain by a hound

Illustrated notes

Levels and vault maps discovered:
D:        linesprint [early_d, line_temple, items_1, d_10, items_2, lair_1,
          lair_end, items_3, orc_1, orc_end, items_4, d_15, swamp_1, shoals_1,
          snake_1, spider_1, d_20, vaults_1, items_5, swamp_end, shoals_end,
          snake_end, spider_end, vaults_end, d_27, items_6, zot_1, zot_end,
          crypt_end, forest_end, elf_end, slime_end, tomb_end, abyss_end,
          pan_hell_end]

Skill      XL: |  1  2 |
---------------+-------+-----
Fighting       | 4 5 |  5.6
Polearms       | 5 7 |  7.4
Throwing       | |  2.0
Dodging        | |  4.0

Action                     || total
---------------------------++-------
  Melee: Trident           ||    38
         Punch             ||     1
  Throw: Javelin           ||     1
         Throwing net      ||     1
   Stab: Sleeping          ||     1
         Held in net/web   ||     1
 Armour: Leather armour    ||    12
  Dodge: Dodged            ||    32

Table legend: (Time is in decaauts)
 A = Elapsed time spent in this place.
 B = Non-inter-level travel time spent in this place.
 C = Inter-level travel time spent in this place.
 D = Time resting spent in this place.
 E = Time spent auto-exploring this place.
 F = Levels seen in this place.
 G = Mean time per level.
                   A        B        C        D        E       F      G
               +--------+--------+--------+--------+--------+-----+--------+
         Total |     57 |     57 |      0 |      0 |      0 |   1 |   57.0 |
       Dungeon |     57 |     57 |      0 |      0 |      0 |   1 |   57.0 |
               +--------+--------+--------+--------+--------+-----+--------+

Top non-repeatable levels by time:
       D: 57 daAuts
